AoeStats
← TaniaTequilaFromDushanbe

Arena

510616429Analyzed
4v4 RM · 2d ago on Oct 1, 2026· 43m 45s· 8 players
Game mode
Random Map
Map size
Large (8 player)
Population
200
Speed
Normal
Resources
Standard
Victory
Conquest
Starting age
Dark Age
Ending age
Imperial Age
RankedLock teamsTeams togetherTeam positionsShared explorationLock speedFull tech treeHidden civsTurbo modeCheats
Victory
Defeat
🇫🇷 Persians · France
1015
+13
🇹🇼 Mongols · Taiwan
961
+16
🇲🇽 Franks · Mexico
932
+17
🇩🇪 Turks · Germany
897
+19
1000
-55
🇧🇪 Romans · Belgium
963
-17
🇺🇦 Slavs · Ukraine
950
-16
🇪🇸 Turks · Spain
898
-14
TaniaTequilaFromDushanbe
7:31 Loom
11:26 Feudal Age
12:04 Double-Bit Axe
20:16 Castle Age
18:42 Fletching
19:34 Padded Archer Armor
21:11 Elite Skirmisher
22:36 Bodkin Arrow
22:27 Horse Collar
23:28 Town Watch
24:21 Leather Archer Armor
25:19 Wheelbarrow
26:24 Heavy Plow
26:36 Bow Saw
27:52 Gold Mining
27:53 Stone Mining
28:57 Hand Cart
29:32 Pikeman
30:35 Detinets
32:03 Fortified Wall
32:58 Masonry
36:12 Imperial Age
35:19 Ballistics
36:56 Forging
36:52 Scale Barding Armor
36:55 Scale Mail Armor
36:27 Halberdier
38:41 Chemistry
38:23 Iron Casting
38:44 Squires
39:09 Chain Mail Armor
39:18 Conscription
41:07 Crop Rotation
41:40 Two-Man Saw
41:14 Capped Ram
42:38 Hoardings
43:06 Gold Shaft Mining
44:06 Blast Furnace
43:37 Plate Mail Armor
ramizeta
10:12 Loom
12:24 Feudal Age
14:05 Loom
16:48 Castle Age
14:56 Double-Bit Axe
16:25 Horse Collar
20:42 Wheelbarrow
22:32 Heavy Plow
22:37 Gold Mining
25:56 Gold Shaft Mining
25:59 Bow Saw
29:13 Imperial Age
27:44 Ballistics
27:20 Fletching
27:43 Forging
28:43 Murder Holes
31:00 Conscription
33:07 Bloodlines
35:00 Scale Barding Armor
35:30 Iron Casting
41:26 Chain Barding Armor
42:06 Blast Furnace
EyesOfWar
9:25 Loom
11:26 Feudal Age
15:26 Castle Age
15:41 Bloodlines
17:06 Wheelbarrow
18:26 Horse Collar
18:43 Double-Bit Axe
30:28 Imperial Age
28:39 Bow Saw
28:41 Squires
28:07 Pikeman
31:26 Hand Cart
31:06 Gold Mining
31:24 Heavy Plow
30:56 Capped Ram
32:02 Scale Mail Armor
32:46 Conscription
32:55 Caravan
34:24 Redemption
36:42 Halberdier
37:39 Siege Ram
Jimi Blue Ochsenknecht
13:46 Feudal Age
15:08 Horse Collar
16:07 Wheelbarrow
18:57 Gold Mining
18:57 Stone Mining
19:02 Double-Bit Axe
23:37 Castle Age
25:22 Man-at-Arms
26:03 Squires
26:17 Scale Mail Armor
28:32 Arson
31:46 Bow Saw
32:05 Chatras
31:54 Long Swordsman
32:18 Pikeman
rick_m94
5:49 Loom
10:25 Feudal Age
15:36 Castle Age
15:14 Double-Bit Axe
22:43 Bow Saw
24:21 Wheelbarrow
25:54 Hand Cart
26:52 Husbandry
27:18 Scale Barding Armor
27:25 Forging
28:25 Treadmill Crane
28:45 Stone Mining
28:49 Gold Mining
28:52 Town Watch
34:13 Imperial Age
32:13 Chain Barding Armor
33:00 Gold Shaft Mining
32:59 Town Patrol
33:49 Iron Casting
35:15 Chivalry
35:53 Plate Barding Armor
34:40 Cavalier
38:32 Paladin
41:38 Chemistry
40:59 Ballistics
Tr3vorTW
11:26 Feudal Age
15:22 Castle Age
13:46 Stone Mining
15:27 Double-Bit Axe
15:30 Horse Collar
16:41 Loom
17:16 Bow Saw
22:44 Heavy Plow
28:41 Wheelbarrow
31:42 Imperial Age
29:33 Gold Mining
30:23 Stone Shaft Mining
30:27 Thumb Ring
31:40 Gold Shaft Mining
32:27 Ballistics
32:04 Fletching
32:16 Padded Archer Armor
32:50 Conscription
32:53 Onager
35:56 Siege Onager
37:24 Bodkin Arrow
37:44 Leather Archer Armor
38:33 Drill
38:41 Bracer
39:57 Elite Mangudai
42:40 Chemistry
42:16 Bloodlines
42:06 Husbandry
FR HectorDevis
6:54 Loom
9:27 Feudal Age
9:46 Horse Collar
9:52 Double-Bit Axe
14:32 Gold Mining
15:00 Gold Mining
19:04 Castle Age
18:53 Forging
18:35 Fletching
28:22 Stone Mining
29:26 Kamandaran
30:33 Crossbowman
43:39 Imperial Age
41:46 Bow Saw
43:21 Iron Casting
42:57 Bloodlines
42:48 Husbandry
43:21 Ballistics
43:49 Bodkin Arrow
Mistăr
0:34 Loom
10:22 Feudal Age
11:03 Horse Collar
11:11 Double-Bit Axe
11:12 Town Watch
15:22 Wheelbarrow
19:32 Castle Age
17:42 Stone Mining
18:08 Gold Mining
19:27 Fletching
19:38 Arson
21:20 Bodkin Arrow
21:46 Bow Saw
21:40 Heavy Plow
28:45 Imperial Age
29:17 Murder Holes
30:20 Wheelbarrow
31:01 Conscription
31:17 Husbandry
31:17 Arrowslits
32:13 Fortified Wall
31:49 Capped Ram
33:00 Bloodlines
34:21 Heavy Scorpion
41:12 Hand Cart
44:09 Town Watch
Connection lost

Rejoining the realm…

Still unreachable

The connection could not be restored.

Session expired

The server has moved on; the page needs a fresh start.